[Event "DSAM Bad Wildungen 2024"]
[Site "Bad Wildungen"]
[Date "2024.08.02"]
[Round "4.25"]
[White "Dorendorf, Mika"]
[Black "Schulze-Bergcamen, Stefan"]
[Result "1-0"]
[Annotator "ChessBase"]
[ECO "D36"]
[WhiteElo "1959"]
[BlackElo "2042"]
[PlyCount "97"]
[EventDate "2024.07.31"]
[EventCountry "GER"]
[SourceTitle "playchess.com"]
[Source "ChessBase"]
[SourceQuality "1"]
[TimeControl "40/5400+30:900+30"]

1. d4 d5 2. c4 e6 3. Nc3 Nf6 4. cxd5 exd5 5. Bg5 c6 6. e3 Be7 7. Bd3 O-O 8. Qc2 Nbd7 9. Nf3 Re8 10. O-O Nf8 11. Rab1 g6 12. b4 a6 13. a4 Ne6 14. Bh4 Ng7 15. b5 axb5 16. axb5 Bf5 17. Ne5 c5 18. dxc5 Bxc5 19. Bxf5 Rxe5 20. Bd3 Rh5 21. Bxf6 Qxf6 22. Be2 Rh6 23. Nxd5 Qe5 24. Nf6+ Qxf6 25. Qxc5 Qh4 26. h3 Ne6 27. Qb4 Qf6 28. Bf3 Rh4 29. Qd6 Rd8 30. Qg3 b6 31. Rfd1 Rc4 32. Rxd8+ Qxd8 33. Rd1 Qc8 34. Qd6 Qc7 35. Bc6 h5 36. Qxc7 Nxc7 37. Rd8+ Kg7 38. Rb8 Rc1+ 39. Kh2 Rc2 40. Kg3 h4+ 41. Kf3 Ne6 42. g3 hxg3 43. Kxg3 Nc5 44. Rxb6 Nd3 45. Be4 Rd2 46. Rd6 Nxf2 47. Rxd2 Nxe4+ 48. Kg2 Nxd2 49. b6 1-0

[Event "DSAM Bad Wildungen 2024"]
[Site "Bad Wildungen"]
[Date "2024.08.02"]
[Round "4.26"]
[White "Best, Florian"]
[Black "Niemann, Silvio"]
[Result "1/2-1/2"]
[Annotator "ChessBase"]
[ECO "D02"]
[WhiteElo "1836"]
[BlackElo "1904"]
[PlyCount "211"]
[EventDate "2024.07.31"]
[EventCountry "GER"]
[SourceTitle "playchess.com"]
[Source "ChessBase"]
[SourceQuality "1"]
[TimeControl "40/5400+30:900+30"]

1. d4 Nf6 2. Nf3 e6 3. g3 d5 4. Bg2 Bd6 5. O-O O-O 6. Nbd2 c5 7. c3 Bd7 8. Re1 Bc6 9. a3 Qc7 10. b4 b6 11. e3 Ne4 12. Nxe4 dxe4 13. Nd2 f5 14. f4 cxd4 15. cxd4 Bd5 16. Bb2 Nd7 17. Rc1 Qb7 18. Nc4 Be7 19. Bf1 Rfc8 20. Qd2 Rc7 21. Ne5 Nxe5 22. dxe5 Rac8 23. Rxc7 Rxc7 24. Rc1 g5 25. Rxc7 Qxc7 26. Qc3 Qxc3 27. Bxc3 gxf4 28. gxf4 a5 29. bxa5 bxa5 30. Bxa5 Bxa3 31. Bb6 Be7 32. Be2 Kg7 33. Kg2 Bb3 34. Kg3 Bc2 35. Bc4 Kf7 36. Kf2 Bd1 37. Kg3 Bf3 38. Bc7 Bc5 39. Kf2 Bd1 40. Bd8 Bb4 41. Bb5 Bc2 42. Be2 Kg6 43. Bc4 Kf7 44. Be2 Ke8 45. Bf6 Kf8 46. Bc4 Kf7 47. Be2 Bd3 48. Bh5+ Kf8 49. Bg5 Kg7 50. Bf6+ Kf8 51. Bg5 Kg7 52. Bf6+ Kg8 53. Bg5 Bb5 54. Be2 Bxe2 55. Kxe2 Kf7 56. h3 Ke8 57. Bh4 Kd7 58. Bg5 Kc6 59. Bd8 Kd5 60. Bf6 Kc4 61. Bd8 Kd5 62. Bf6 Kc6 63. Bg5 Bc3 64. Bf6 Kd7 65. Kf2 Ke8 66. Ke2 Kf7 67. Kf2 Kg6 68. Ke2 Bb4 69. Kf2 Kh5 70. Ke2 Bf8 71. Kf2 Kg6 72. Ke2 Bg7 73. Bd8 Kf7 74. Kd2 Bf8 75. Kc3 Bc5 76. Kd2 Bb4+ 77. Ke2 Be7 78. Ba5 Kg6 79. Kf2 Kh5 80. Kg2 Bh4 81. Bb4 Kg6 82. Bc3 Kf7 83. Kf1 Ke7 84. Ke2 Kd7 85. Bb2 Kc6 86. Ba3 Kb5 87. Bf8 Kc4 88. Bg7 Be7 89. Bf6 Bf8 90. Kd2 Bh6 91. Ke2 Kd5 92. Kd2 Kc6 93. Ke2 Kd7 94. Kd2 Ke8 95. Ke2 Kf7 96. Kf2 Bf8 97. Bd8 Bc5 98. Ba5 Be7 99. Ke2 Kg6 100. Kf2 Bh4+ 101. Kg2 Kh5 102. Bb4 Bd8 103. Bc5 Bc7 104. Be7 Ba5 105. Kf2 Bc3 106. Ke2 1/2-1/2

[Event "DSAM Bad Wildungen 2024"]
[Site "Bad Wildungen"]
[Date "2024.08.02"]
[Round "4.27"]
[White "Will, Jonas"]
[Black "Sural, Ceren"]
[Result "1-0"]
[Annotator "NA"]
[ECO "B55"]
[WhiteElo "1868"]
[BlackElo "1772"]
[PlyCount "117"]
[EventDate "2024.07.31"]
[EventCountry "GER"]
[SourceTitle "playchess.com"]
[Source "ChessBase"]
[SourceQuality "1"]
[TimeControl "40/5400+30:900+30"]

1. e4 c5 2. Nf3 d6 3. d4 cxd4 4. Nxd4 Nf6 5. f3 a6 6. c4 e6 7. Nc3 Be7 8. Be2 Qc7 9. Be3 Nc6 10. Rc1 Nd7 11. O-O O-O 12. f4 Nc5 13. Qe1 Bf6 14. Qf2 Bd7 15. Rfd1 Rad8 16. Bf3 b6 17. Nxc6 Bxc6 18. b4 Nd7 19. Nd5 Qb7 20. Nxb6 Bxe4 21. Rxd6 Nxb6 22. Rxb6 Qa8 23. Bxe4 Qxe4 24. Rxa6 Rd3 25. Bc5 Rfd8 26. h3 h6 27. Re1 Rd1 28. Rxd1 Rxd1+ 29. Kh2 Qb1 30. Rd6 Rf1 31. Qd2 Bh4 32. Rd8+ Bxd8 33. Qxd8+ Kh7 34. Qd2 h5 35. Bf2 Rh1+ 36. Kg3 Qe4 37. Qe3 h4+ 38. Kxh4 Qxg2 39. Qd3+ f5 40. Qg3 g5+ 41. Kxg5 Qxg3+ 42. Bxg3 Rg1 43. Kh4 Ra1 44. Bf2 Rxa2 45. Bd4 Rc2 46. c5 Rc4 47. Be5 Kg6 48. Kg3 Rxb4 49. c6 Rc4 50. c7 Kf7 51. Kf3 Ke7 52. h4 Kd7 53. h5 Rc1 54. Kg2 Rc2+ 55. Kg3 Rc1 56. Kh4 Rg1 57. h6 Rc1 58. Kg5 Ke7 59. h7 1-0

[Event "DSAM Bad Wildungen 2024"]
[Site "Bad Wildungen"]
[Date "2024.08.02"]
[Round "4.28"]
[White "Schaudienst, Arvid"]
[Black "Valean, David-Andrei"]
[Result "0-1"]
[Annotator "NA"]
[ECO "B01"]
[WhiteElo "1761"]
[BlackElo "1762"]
[PlyCount "88"]
[EventDate "2024.07.31"]
[EventCountry "GER"]
[SourceTitle "playchess.com"]
[Source "ChessBase"]
[SourceQuality "1"]
[TimeControl "40/5400+30:900+30"]

1. e4 d5 2. exd5 Qxd5 3. Nc3 Qd8 4. d4 Nf6 5. Bf4 g6 6. Qd2 Bg7 7. O-O-O c6 8. Bh6 O-O 9. h4 Bxh6 10. Qxh6 Ng4 11. Qd2 h5 12. f3 Nf6 13. g4 b5 14. gxh5 Nxh5 15. Ne4 Qc7 16. Ne2 Bf5 17. Bh3 Bxe4 18. fxe4 Nd7 19. e5 Kg7 20. Nf4 Rh8 21. Rdg1 Nxf4 22. Qxf4 Rh6 23. Rf1 Rf8 24. Qg4 Nb6 25. Rhg1 Nc4 26. Qf3 Qa5 27. Qc3 Qxc3 28. bxc3 Rxh4 29. Bd7 Na5 30. e6 f6 31. Rf3 a6 32. Rfg3 g5 33. Kb2 Rfh8 34. Ka3 Rh2 35. R1g2 R8h3 36. Rxh3 Rxg2 37. Kb2 g4 38. Rd3 f5 39. d5 cxd5 40. Rxd5 Nc4+ 41. Kb3 Rf2 42. Rd1 g3 43. Rg1 g2 44. Bc8 Nd2+ 0-1

[Event "DSAM Bad Wildungen 2024"]
[Site "Bad Wildungen"]
[Date "2024.08.02"]
[Round "4.29"]
[White "Franz, Niclas"]
[Black "Sklorz, Tobias"]
[Result "1-0"]
[Annotator "NA"]
[ECO "C11"]
[WhiteElo "1877"]
[BlackElo "1843"]
[PlyCount "73"]
[EventDate "2024.07.31"]
[EventCountry "GER"]
[SourceTitle "playchess.com"]
[Source "ChessBase"]
[SourceQuality "1"]
[TimeControl "40/5400+30:900+30"]

1. e4 c5 2. Nc3 e6 3. f4 d5 4. Nf3 Nf6 5. e5 Nfd7 6. d4 Nc6 7. a3 cxd4 8. Nxd4 Nxd4 9. Qxd4 Bc5 10. Qd1 a6 11. Bd3 O-O 12. Qh5 f5 13. Bd2 b5 14. Ne2 Bb7 15. c3 Qb6 16. b4 Bf2+ 17. Kf1 Be3 18. Ke1 Rac8 19. Rf1 d4 20. Bxe3 dxe3 21. Qh3 Rfd8 22. Rd1 Bd5 23. Rc1 Bb3 24. Bb1 Nxe5 25. fxe5 Rd2 26. Rf3 Qd8 27. Rxe3 Rd1+ 28. Kf2 Rxc1 29. Nxc1 Qd2+ 30. Ne2 Bd1 31. Qf3 f4 32. Rd3 Bxe2 33. Qxe2 Qc1 34. Qe4 Qxa3 35. h3 Rf8 36. Rd7 Qb2+ 37. Kg1 1-0

[Event "DSAM Bad Wildungen 2024"]
[Site "Bad Wildungen"]
[Date "2024.08.02"]
[Round "4.30"]
[White "Kessler, Rene"]
[Black "Sviridov, Vitaliy"]
[Result "0-1"]
[Annotator "NA"]
[ECO "B01"]
[WhiteElo "1714"]
[BlackElo "1771"]
[PlyCount "66"]
[EventDate "2024.07.31"]
[EventCountry "GER"]
[SourceTitle "playchess.com"]
[Source "ChessBase"]
[SourceQuality "1"]
[TimeControl "40/5400+30:900+30"]

1. e4 d5 2. exd5 Qxd5 3. Nc3 Qd6 4. Nf3 c6 5. Bc4 Nf6 6. O-O Bg4 7. Re1 Bxf3 8. Qxf3 e6 9. d3 Qc7 10. Bg5 Be7 11. Bf4 Bd6 12. Bxd6 Qxd6 13. Ne4 Nxe4 14. dxe4 Nd7 15. Qc3 O-O 16. Rad1 Qe7 17. e5 Nb6 18. Bd3 Nd5 19. Qd4 Rfd8 20. Qe4 g6 21. a3 Rd7 22. h4 Kg7 23. h5 Rh8 24. c4 Nb6 25. Qf4 Rhd8 26. Re3 Rd4 27. h6+ Kg8 28. Qf3 Nxc4 29. Re4 Nxb2 30. Rxd4 Rxd4 31. Rd2 Nc4 32. Re2 Nb6 33. Qe3 Qd8 0-1

[Event "DSAM Bad Wildungen 2024"]
[Site "Bad Wildungen"]
[Date "2024.08.02"]
[Round "4.31"]
[White "Ferneding, Conrad"]
[Black "Krueger, Malte"]
[Result "0-1"]
[Annotator "NA"]
[ECO "B12"]
[WhiteElo "1780"]
[BlackElo "1739"]
[PlyCount "90"]
[EventDate "2024.07.31"]
[EventCountry "GER"]
[SourceTitle "playchess.com"]
[Source "ChessBase"]
[SourceQuality "1"]
[TimeControl "40/5400+30:900+30"]

1. e4 c6 2. d4 d5 3. e5 Bf5 4. h4 h5 5. Bd3 Bxd3 6. Qxd3 e6 7. Nf3 c5 8. c3 Nc6 9. O-O cxd4 10. cxd4 Nh6 11. g3 Qb6 12. Nc3 Nf5 13. Ne2 Rc8 14. a3 Be7 15. Bd2 Na5 16. b4 Nc4 17. Rfc1 O-O 18. Bg5 Rfe8 19. Bxe7 Rxe7 20. Nf4 g6 21. Rc2 Rec7 22. Rac1 a5 23. bxa5 Qxa5 24. Qb3 Ra8 25. Rc3 b5 26. Nd3 Rca7 27. Ra1 Qb6 28. Nc5 Rxa3 29. Rxa3 Rxa3 30. Qb4 Rxc3 31. Qxc3 Qa5 32. Qb3 Nxd4 33. Nxd4 Qa1+ 34. Kg2 Qxd4 35. Qxb5 Nxe5 36. Qb8+ Kg7 37. Qc7 Kh6 38. Qe7 Ng4 39. Qf8+ Qg7 40. Qe7 Kh7 41. Nd7 d4 42. Qd8 Qg8 43. Qe7 Qa8+ 44. Kg1 Qf3 45. Nf8+ Kg8 0-1

[Event "DSAM Bad Wildungen 2024"]
[Site "Bad Wildungen"]
[Date "2024.08.02"]
[Round "4.32"]
[White "Sander, Manuel"]
[Black "Espenhahn, Joerg"]
[Result "1-0"]
[Annotator "NA"]
[ECO "C55"]
[WhiteElo "1695"]
[BlackElo "1788"]
[PlyCount "79"]
[EventDate "2024.07.31"]
[EventCountry "GER"]
[SourceTitle "playchess.com"]
[Source "ChessBase"]
[SourceQuality "1"]
[TimeControl "40/5400+30:900+30"]

1. e4 e5 2. Nf3 Nf6 3. Nc3 Bb4 4. Bc4 d6 5. d3 h6 6. Bd2 Nc6 7. h3 a6 8. Ne2 Bc5 9. Be3 Bxe3 10. fxe3 Na5 11. Bb3 Nxb3 12. axb3 O-O 13. Ng3 Nh7 14. O-O f5 15. exf5 Bxf5 16. Nh4 Qxh4 17. Nxf5 Qg5 18. h4 Qd8 19. Qg4 Qf6 20. e4 Rf7 21. Rf2 Raf8 22. Raf1 Kh8 23. Nxd6 Qxf2+ 24. Rxf2 Rxf2 25. Nf5 R8xf5 26. exf5 Rxc2 27. Qe4 Nf6 28. Qxb7 Ng4 29. Kf1 Rxb2 30. Qxa6 Rxb3 31. Qa4 Rb1+ 32. Ke2 Rb2+ 33. Kf3 Nf6 34. g4 Rb1 35. g5 Ng8 36. Qe4 Rf1+ 37. Ke2 Rf4 38. Qxe5 Rxh4 39. f6 gxf6 40. gxf6 1-0

[Event "DSAM Bad Wildungen 2024"]
[Site "Bad Wildungen"]
[Date "2024.08.02"]
[Round "4.33"]
[White "Doeding, Alexander"]
[Black "Kellner, Rene"]
[Result "1/2-1/2"]
[Annotator "NA"]
[ECO "B13"]
[WhiteElo "1588"]
[BlackElo "1734"]
[PlyCount "68"]
[EventDate "2024.07.31"]
[EventCountry "GER"]
[SourceTitle "playchess.com"]
[Source "ChessBase"]
[SourceQuality "1"]
[TimeControl "40/5400+30:900+30"]

1. e4 c6 2. d4 d5 3. exd5 cxd5 4. Nf3 Nc6 5. Bb5 Bd7 6. Bxc6 bxc6 7. Ne5 Nf6 8. c3 e6 9. O-O Be7 10. Bf4 Qb6 11. Qc2 O-O 12. Nd2 c5 13. Bg5 Rfd8 14. Nxd7 Rxd7 15. Nf3 cxd4 16. Nxd4 Rc8 17. Qa4 Rb7 18. Nb3 Ne4 19. Bf4 Bd6 20. Be3 Qc7 21. g3 Qe7 22. Qa6 Nc5 23. Bxc5 Bxc5 24. Qd3 Bb6 25. Rfe1 Qf6 26. Re2 Rbc7 27. Rae1 Rc4 28. Nd2 Rg4 29. Nf3 h5 30. Ne5 Rg5 31. Nd7 Qh6 32. Nxb6 axb6 33. Qa6 Rf8 34. Qxb6 Rb8 1/2-1/2

[Event "DSAM Bad Wildungen 2024"]
[Site "Bad Wildungen"]
[Date "2024.08.02"]
[Round "4.34"]
[White "Dezius, Armin"]
[Black "Hoefle, Jan"]
[Result "0-1"]
[Annotator "NA"]
[ECO "E61"]
[WhiteElo "1798"]
[BlackElo "1765"]
[PlyCount "64"]
[EventDate "2024.07.31"]
[EventCountry "GER"]
[SourceTitle "playchess.com"]
[Source "ChessBase"]
[SourceQuality "1"]
[TimeControl "40/5400+30:900+30"]

1. d4 Nf6 2. c4 g6 3. Nc3 Bg7 4. Nf3 O-O 5. Bg5 h6 6. Bxf6 Bxf6 7. e3 d6 8. Be2 c6 9. O-O Bg7 10. a3 Nd7 11. Rc1 e5 12. dxe5 dxe5 13. e4 Qe7 14. b4 Rd8 15. Qc2 Nf8 16. Rfd1 Bg4 17. Rxd8 Rxd8 18. Rd1 Ne6 19. Rxd8+ Qxd8 20. Qd1 Qe7 21. Nd2 Bxe2 22. Nxe2 a5 23. c5 axb4 24. axb4 Qd8 25. Qc2 b6 26. cxb6 Qxb6 27. Qa4 Qd8 28. Qc2 Bf8 29. Nf3 Bxb4 30. Nxe5 Nd4 31. Nxd4 Qxd4 32. Nxc6 Qa1+ 0-1

[Event "DSAM Bad Wildungen 2024"]
[Site "Bad Wildungen"]
[Date "2024.08.02"]
[Round "4.35"]
[White "Koehler, Wilhelm"]
[Black "Dolidze, David"]
[Result "0-1"]
[Annotator "NA"]
[ECO "B12"]
[WhiteElo "1829"]
[BlackElo "1720"]
[PlyCount "76"]
[EventDate "2024.07.31"]
[EventCountry "GER"]
[SourceTitle "playchess.com"]
[Source "ChessBase"]
[SourceQuality "1"]
[TimeControl "40/5400+30:900+30"]

1. e4 c6 2. d4 d5 3. e5 Bf5 4. Nd2 e6 5. Nb3 Nd7 6. Nf3 h6 7. Be2 Ne7 8. O-O Qc7 9. a4 g5 10. a5 Bg7 11. Be3 O-O 12. h4 g4 13. Nh2 h5 14. g3 f6 15. f4 Rac8 16. Nxg4 hxg4 17. Bxg4 fxe5 18. fxe5 c5 19. c3 cxd4 20. Nxd4 Qxe5 21. Bf4 Qe4 22. Re1 Bxd4+ 23. cxd4 Bxg4 24. Qxg4+ Qg6 25. Qxe6+ Qxe6 26. Rxe6 Nf5 27. Be5 Kf7 28. Rd6 Nxd6 29. Bxd6 Rg8 30. Re1 Rce8 31. Rf1+ Ke6 32. Bf4 Nf6 33. Kh2 Ne4 34. Kh3 Rc8 35. g4 Rc2 36. h5 Rf2 37. Rxf2 Nxf2+ 38. Kh4 Rxg4# 0-1

[Event "DSAM Bad Wildungen 2024"]
[Site "Bad Wildungen"]
[Date "2024.08.02"]
[Round "4.36"]
[White "Merth, Philipp"]
[Black "Reuter, Marek"]
[Result "1/2-1/2"]
[Annotator "NA"]
[ECO "D04"]
[WhiteElo "1803"]
[BlackElo "1761"]
[PlyCount "63"]
[EventDate "2024.07.31"]
[EventCountry "GER"]
[SourceTitle "playchess.com"]
[Source "ChessBase"]
[SourceQuality "1"]
[TimeControl "40/5400+30:900+30"]

1. d4 Nf6 2. Nf3 d5 3. e3 c5 4. b3 Nc6 5. Bb2 Bf5 6. Nh4 Bg4 7. f3 Bd7 8. f4 Bg4 9. Nf3 cxd4 10. exd4 e6 11. Nbd2 Bd6 12. h3 Bxf3 13. Qxf3 Qc7 14. Bb5 Bxf4 15. Rf1 Bg3+ 16. Kd1 O-O-O 17. a4 Kb8 18. Bxc6 bxc6 19. b4 Bd6 20. b5 Rd7 21. Ke2 e5 22. bxc6 Qxc6 23. dxe5 Re8 24. Qf5 Rde7 25. Nf3 Nd7 26. Kf2 Nxe5 27. Kg1 Qc5+ 28. Kh1 Nc4 29. Bd4 Ne3 30. Qxh7 Qxc2 31. Qxc2 Nxc2 32. Rab1+ 1/2-1/2

[Event "DSAM Bad Wildungen 2024"]
[Site "Bad Wildungen"]
[Date "2024.08.02"]
[Round "4.37"]
[White "Geier, Jakob"]
[Black "Doehn, Friedemann"]
[Result "1-0"]
[Annotator "NA"]
[ECO "C00"]
[WhiteElo "1664"]
[BlackElo "1776"]
[PlyCount "125"]
[EventDate "2024.07.31"]
[EventCountry "GER"]
[SourceTitle "playchess.com"]
[Source "ChessBase"]
[SourceQuality "1"]
[TimeControl "40/5400+30:900+30"]

1. e4 e6 2. b3 d5 3. Bb2 Nf6 4. e5 Nfd7 5. f4 c5 6. Nf3 Be7 7. d4 cxd4 8. Nxd4 a6 9. Nd2 Nc6 10. N2f3 Nc5 11. Nxc6 bxc6 12. Bd3 Nxd3+ 13. Qxd3 a5 14. a4 Qb6 15. Nd4 Ba6 16. Qg3 Bb4+ 17. Kd1 O-O 18. f5 Rfe8 19. f6 g6 20. Qf4 Bf8 21. h4 Ra7 22. Nf3 Qf2 23. Bd4 Qe2+ 24. Kc1 c5 25. Bb2 c4 26. Ba3 cxb3 27. Nd4 Qe4 28. Qxe4 dxe4 29. Bxf8 Rxf8 30. Nxb3 Rc8 31. Kb2 Rb7 32. Rhe1 Rc4 33. Rad1 Rb8 34. Rd6 Bb7 35. Red1 Bd5 36. Rd2 h5 37. Ka3 e3 38. Re2 Rxh4 39. Nxa5 Ra8 40. Nc6 Bxc6 41. Rxc6 Rhxa4+ 42. Kb3 Re4 43. Rc3 Rb8+ 44. Ka2 Rxe5 45. Rexe3 Rf5 46. Rf3 Rd5 47. Rfd3 Rf5 48. Rf3 Rg5 49. Rg3 Ra5+ 50. Ra3 Rba8 51. c4 Kf8 52. Rxa5 Rxa5+ 53. Kb3 Ke8 54. Kb4 Ra7 55. Kb5 Kd8 56. Kb6 Rd7 57. c5 Rd1 58. Ra3 Rb1+ 59. Kc6 Rb8 60. Ra7 Rc8+ 61. Kd6 Ke8 62. Re7+ Kf8 63. c6 1-0

[Event "DSAM Bad Wildungen 2024"]
[Site "Bad Wildungen"]
[Date "2024.08.02"]
[Round "4.38"]
[White "Klar, Ennio"]
[Black "Sniegowski, Richard"]
[Result "0-1"]
[Annotator "NA"]
[ECO "C42"]
[WhiteElo "1781"]
[BlackElo "1695"]
[PlyCount "104"]
[EventDate "2024.07.31"]
[EventCountry "GER"]
[SourceTitle "playchess.com"]
[Source "ChessBase"]
[SourceQuality "1"]
[TimeControl "40/5400+30:900+30"]

1. e4 e5 2. Nf3 Nf6 3. Nc3 Bb4 4. d3 Nc6 5. g3 d5 6. a3 Be7 7. Bg2 dxe4 8. dxe4 Qxd1+ 9. Nxd1 Bg4 10. O-O Bxf3 11. Bxf3 Nd4 12. Bg2 Nxc2 13. Rb1 O-O 14. Nc3 c6 15. Bg5 h6 16. Rbc1 Nd4 17. Be3 Rad8 18. Rcd1 Bc5 19. Rfe1 Ne6 20. Bxc5 Nxc5 21. b4 Ne6 22. Ne2 Nd7 23. f4 f6 24. Bh3 Kf7 25. Rd6 Rfe8 26. Red1 Ndf8 27. Bg4 Ke7 28. Rxd8 Rxd8 29. Rxd8 Nxd8 30. f5 Nf7 31. Kf2 Nd6 32. Nc3 Nd7 33. Be2 a6 34. a4 b5 35. a5 Ne8 36. Ke3 Nc7 37. Kd2 Kd6 38. Kc2 c5 39. Kb3 Nb8 40. Na2 Nc6 41. Bf1 cxb4 42. Nxb4 Nxa5+ 43. Kc3 Nc6 44. Bd3 Nxb4 45. Kxb4 Kc6 46. Ka5 Kb7 47. Bb1 Ne8 48. Ba2 Nd6 49. Bd5+ Ka7 50. Kb4 Kb6 51. Be6 a5+ 52. Kb3 Nxe4 0-1

[Event "DSAM Bad Wildungen 2024"]
[Site "Bad Wildungen"]
[Date "2024.08.02"]
[Round "4.40"]
[White "Klatt, Rico"]
[Black "Hefner, Simon"]
[Result "1/2-1/2"]
[Annotator "NA"]
[ECO "D78"]
[WhiteElo "1690"]
[BlackElo "1678"]
[PlyCount "123"]
[EventDate "2024.07.31"]
[EventCountry "GER"]
[SourceTitle "playchess.com"]
[Source "ChessBase"]
[SourceQuality "1"]
[TimeControl "40/5400+30:900+30"]

1. d4 Nf6 2. c4 g6 3. g3 c6 4. Bg2 d5 5. Nf3 Bg7 6. O-O O-O 7. b3 Bf5 8. Bb2 Nbd7 9. Nc3 Ne4 10. Nh4 Nxc3 11. Bxc3 Be6 12. cxd5 cxd5 13. Rc1 Nf6 14. e3 Qd7 15. Bb4 Rac8 16. Qd2 Rc6 17. Rxc6 bxc6 18. Rc1 Rc8 19. Qd3 g5 20. Nf3 Bf5 21. Qa6 Ne4 22. Nd2 Nxd2 23. Bxd2 e6 24. b4 Rc7 25. a3 h6 26. h3 e5 27. g4 Be6 28. Bc3 exd4 29. Bxd4 Bxd4 30. exd4 Qd6 31. b5 Bd7 32. b6 axb6 33. Qxb6 Qxa3 34. Qxc7 Qxc1+ 35. Kh2 Be6 36. Qe5 Kh7 37. Kg3 Qa3+ 38. Kh2 Qc3 39. Kg1 c5 40. Bxd5 Qxd4 41. Qxd4 cxd4 42. Be4+ Kg7 43. Bd3 Kf6 44. Kg2 Ke5 45. Kg3 f5 46. f3 f4+ 47. Kf2 Kd5 48. Ke2 Kc5 49. Kd2 Bc4 50. Bc2 Bf1 51. Be4 Kc4 52. Bc6 d3 53. Bb7 Kd4 54. Ba6 Be2 55. Bb7 Bf1 56. Bc6 Bxh3 57. Bb7 Bg2 58. Bc6 Kc4 59. Bb7 Bf1 60. Ba6+ Kd4 61. Bb7 Be2 62. Bc6 1/2-1/2

[Event "DSAM Bad Wildungen 2024"]
[Site "Bad Wildungen"]
[Date "2024.08.02"]
[Round "4.41"]
[White "Scholz, Paul"]
[Black "Schuetz, Markus"]
[Result "1/2-1/2"]
[Annotator "NA"]
[ECO "A12"]
[WhiteElo "1592"]
[BlackElo "1512"]
[PlyCount "76"]
[EventDate "2024.07.31"]
[EventCountry "GER"]
[SourceTitle "playchess.com"]
[Source "ChessBase"]
[SourceQuality "1"]
[TimeControl "40/5400+30:900+30"]

1. Nf3 c6 2. c4 d5 3. e3 Nf6 4. b3 Bg4 5. Bb2 e6 6. cxd5 cxd5 7. Be2 Bd6 8. O-O Nbd7 9. d4 O-O 10. Nbd2 Rc8 11. Ne1 Bxe2 12. Qxe2 Qe7 13. Ndf3 Rc7 14. Nd3 Rfc8 15. Rfc1 Rxc1+ 16. Rxc1 Rxc1+ 17. Nxc1 Ba3 18. Nd3 Ne4 19. Nfe5 Bxb2 20. Qxb2 Nxe5 21. Nxe5 Qb4 22. Nd3 Qb5 23. Qc2 h6 24. a4 Qa6 25. f3 Nf6 26. Kf2 b6 27. Ne5 Qb7 28. Qc6 Qxc6 29. Nxc6 a6 30. Ne7+ Kf8 31. Nc8 Nd7 32. Ke2 Ke8 33. a5 b5 34. Nd6+ Ke7 35. Nb7 Nb8 36. Nc5 Kd6 37. Nxa6 Nxa6 38. e4 Nb4 1/2-1/2

[Event "DSAM Bad Wildungen 2024"]
[Site "Bad Wildungen"]
[Date "2024.08.02"]
[Round "4.43"]
[White "Shanmuganathan, Adhav"]
[Black "Schenk, Quentin Alexander"]
[Result "1-0"]
[Annotator "NA"]
[ECO "B15"]
[WhiteElo "1659"]
[BlackElo "1530"]
[PlyCount "89"]
[EventDate "2024.07.31"]
[EventCountry "GER"]
[SourceTitle "playchess.com"]
[Source "ChessBase"]
[SourceQuality "1"]
[TimeControl "40/5400+30:900+30"]

1. e4 c6 2. d4 d5 3. Nc3 dxe4 4. Nxe4 Nf6 5. Ng3 e6 6. c3 Bd6 7. Bd3 Bxg3 8. hxg3 Nbd7 9. Nf3 O-O 10. Qc2 g6 11. Bh6 Re8 12. Ne5 Nxe5 13. dxe5 Ng4 14. Bf4 Qd5 15. Be4 Qa5 16. b4 Qc7 17. Qe2 Nxe5 18. Bxg6 fxg6 19. Bxe5 Qf7 20. Qe3 Qf5 21. O-O-O Qf8 22. Rh6 Qf5 23. f4 a5 24. Qd2 axb4 25. Rdh1 bxc3 26. Bxc3 Re7 27. Qd8+ Qf8 28. Qxf8+ Kxf8 29. Bb4 Rxa2 30. Bxe7+ Kxe7 31. Rxh7+ Kf6 32. R1h2 e5 33. fxe5+ Kxe5 34. Rc7 Bf5 35. Rxb7 Be4 36. Re7+ Kf5 37. g4+ Kf4 38. g3+ Kxg3 39. Rxa2 Bd5 40. Ra4 Kh4 41. Re5 g5 42. Kd2 Bf3 43. Ke3 Bxg4 44. Ree4 Kh3 45. Rxg4 1-0

[Event "DSAM Bad Wildungen 2024"]
[Site "Bad Wildungen"]
[Date "2024.08.02"]
[Round "4.44"]
[White "Enns, Philipp"]
[Black "Vry, Fabian"]
[Result "1-0"]
[Annotator "NA"]
[ECO "E22"]
[WhiteElo "1806"]
[BlackElo "1513"]
[PlyCount "55"]
[EventDate "2024.07.31"]
[EventCountry "GER"]
[SourceTitle "playchess.com"]
[Source "ChessBase"]
[SourceQuality "1"]
[TimeControl "40/5400+30:900+30"]

1. d4 Nf6 2. c4 e6 3. Nc3 Bb4 4. Qc2 Bxc3+ 5. Qxc3 Ne4 6. Qc2 f5 7. Nf3 b6 8. h4 Bb7 9. Bf4 d6 10. e3 Nc6 11. a3 Qd7 12. O-O-O a5 13. Bd3 Nf6 14. Ng5 h6 15. Nf3 a4 16. d5 Na5 17. dxe6 Qxe6 18. Qxa4+ Bc6 19. Qc2 Ne4 20. Nd4 Qd7 21. Nxc6 Qxc6 22. f3 Nc5 23. Bxf5 Ncb3+ 24. Kb1 Qxc4 25. Qxc4 Nxc4 26. Be6 Nca5 27. Bd5 Rc8 28. Kc2 1-0

[Event "DSAM Bad Wildungen 2024"]
[Site "Bad Wildungen"]
[Date "2024.08.02"]
[Round "4.45"]
[White "Voskanyan, Artur S."]
[Black "Schroeder, Timo"]
[Result "1/2-1/2"]
[Annotator "NA"]
[ECO "C01"]
[WhiteElo "1508"]
[BlackElo "1704"]
[PlyCount "52"]
[EventDate "2024.07.31"]
[EventCountry "GER"]
[SourceTitle "playchess.com"]
[Source "ChessBase"]
[SourceQuality "1"]
[TimeControl "40/5400+30:900+30"]

1. e4 e6 2. d4 d5 3. exd5 exd5 4. Nf3 Nf6 5. Bg5 Bd6 6. Bd3 O-O 7. O-O Bg4 8. Nbd2 Nbd7 9. c3 c6 10. Qc2 h6 11. Bh4 Qc7 12. Rfe1 Rfe8 13. Bf5 Bxf5 14. Qxf5 Qb6 15. Qc2 Qc7 16. Rab1 Rac8 17. Qf5 a5 18. a3 a4 19. Bg3 Bxg3 20. hxg3 Nh7 21. Qc2 b5 22. Nf1 Nhf8 23. Re3 Nf6 24. Rbe1 Ne6 25. N1d2 Re7 26. Ne5 Rce8 1/2-1/2

[Event "DSAM Bad Wildungen 2024"]
[Site "Bad Wildungen"]
[Date "2024.08.03"]
[Round "5.1"]
[White "Dauth, Benjamin"]
[Black "Huesmann, Thomas"]
[Result "1/2-1/2"]
[Annotator "ChessBase"]
[ECO "C55"]
[WhiteElo "2247"]
[BlackElo "2165"]
[PlyCount "65"]
[EventDate "2024.07.31"]
[EventCountry "GER"]
[SourceTitle "playchess.com"]
[Source "ChessBase"]
[SourceQuality "1"]
[TimeControl "40/5400+30:900+30"]

1. e4 e5 2. Nf3 Nc6 3. Bc4 Nf6 4. d3 Be7 5. O-O O-O 6. a4 d5 7. exd5 Nxd5 8. Re1 Bg4 9. h3 Bxf3 10. Qxf3 Nb6 11. Nd2 Nxc4 12. Nxc4 f6 13. Be3 Nb4 14. Rac1 Qd5 15. Qg3 Kh8 16. f4 e4 17. Bf2 f5 18. b3 Bc5 19. dxe4 fxe4 20. Bxc5 Qxc5+ 21. Kh1 Qf5 22. Rf1 Nd5 23. Ne3 Nxe3 24. Qxe3 h6 25. g4 Qd5 26. Rcd1 Qc6 27. c4 Rad8 28. f5 Rd3 29. Rxd3 exd3+ 30. Kg1 Qd6 31. Rd1 Rd8 32. Rd2 a5 33. Kg2 1/2-1/2

[Event "DSAM Bad Wildungen 2024"]
[Site "Bad Wildungen"]
[Date "2024.08.03"]
[Round "5.2"]
[White "Boehme, Sebastian"]
[Black "Marcziter, Dmitrii"]
[Result "1-0"]
[Annotator "ChessBase"]
[ECO "B28"]
[WhiteElo "2232"]
[BlackElo "2204"]
[PlyCount "119"]
[EventDate "2024.07.31"]
[EventCountry "GER"]
[SourceTitle "playchess.com"]
[Source "ChessBase"]
[SourceQuality "1"]
[TimeControl "40/5400+30:900+30"]

1. e4 c5 2. Nf3 a6 3. c3 d5 4. exd5 Qxd5 5. d4 Nf6 6. Be3 cxd4 7. cxd4 Bg4 8. Nc3 Qd6 9. Qb3 Bc8 10. Ne5 e6 11. Nc4 Qd8 12. Nb6 Bd6 13. Nxa8 b5 14. Bxb5+ axb5 15. Nxb5 O-O 16. Nxd6 Qxd6 17. Rc1 Nc6 18. Qa3 Nb4 19. Bd2 Nfd5 20. Rc4 Nd3+ 21. Qxd3 Ba6 22. O-O Bxc4 23. Qxc4 Rxa8 24. Rc1 h6 25. g3 Qd7 26. a3 Kh7 27. Qc6 Qa7 28. Rc4 Rb8 29. Ra4 Qe7 30. b4 Qf6 31. Qc2+ Kg8 32. Qd3 Rd8 33. Ra5 Ne7 34. Qe4 Nd5 35. a4 Rb8 36. Rc5 g5 37. b5 Nb6 38. a5 Nd7 39. Rc7 Qd8 40. b6 Nf6 41. Qf3 Kg7 42. Bc3 Qd5 43. Qxd5 Nxd5 44. Rc5 Kf6 45. Bd2 Ke7 46. Rb5 Kd6 47. b7 Kc6 48. a6 Kxb5 49. a7 Rxb7 50. a8=Q Rc7 51. Qh8 Kc4 52. h4 Kd3 53. hxg5 hxg5 54. Bxg5 Kc4 55. Kg2 Kb5 56. Kf3 Kc4 57. Ke4 Kb5 58. Ke5 Kc6 59. Qe8+ Rd7 60. Bd8 1-0